 Dungeon Crawl Stone Soup version 0.27-a0-978-g2aa4ecdaef (webtiles) character file.

Game seed: 13045515025727343497

13862 wakim the Thaumaturge (level 12, -4/89 HPs)
             Began as a Djinni Venom Mage on Apr 14, 2021.
             Was an Elder of Fedhas.
             Slain by a white ugly thing (33 damage)
             ... on level 12 of the Dungeon.
             The game lasted 00:38:34 (16266 turns).

wakim the Thaumaturge (Djinni Venom Mage)          Turns: 16266, Time: 00:38:34

Health: -4/89      AC:  8    Str: 11    XL:     12   Next: 10%
Gold:   717        EV: 14    Int: 20    God:    Fedhas [****..] SH:  5 Dex: 18

rFire    + + .     SeeInvis .   b - +9 spear "Acuolaut" {protect, Str+4 Dex+2}
rCold    . . .     Faith    .   e - +0 buckler
rNeg     . . .     Spirit   .   u - +2 ring mail {Will+}
rPois    ∞         Reflect  .   (no helmet)
rElec    .         Harm     .   (no cloak)
rCorr    .         Rampage  .   (no gloves)
Will     ++...                  (boots unavailable)
Stlth    +.........             k - amulet of the acrobat
HPRegen  0.24/turn              n - +4 ring of slaying
MPRegen  0.00/turn              g - ring of protection from cold

@: marked, flying
A: fire resistance 2, cold vulnerability 1, float, innate caster, hp casting,
extra vitality 1
a: Renounce Religion, Wall of Briars, Grow Ballistomycete, Overgrow


You were on level 12 of the Dungeon.
You worshipped Fedhas.
Fedhas was greatly pleased with you.
You visited 2 branches of the dungeon, and saw 13 of its levels.

You collected 717 gold pieces.

Inventory:

Hand Weapons
 a - a +3 vampiric dagger
 b - the +9 spear "Acuolaut" (weapon) {protect, Str+4 Dex+2}
   (You found it on level 6 of the Dungeon)

   It grants its wielder temporary protection when it strikes (+7 to AC).
   It affects your strength (+4).
   It affects your dexterity (+2).
Armour
 e - a +0 buckler (worn)
 m - +0 acid dragon scales
 u - a +2 ring mail of willpower (worn)
Jewellery
 f - a +6 ring of strength
 g - a ring of protection from cold (right hand)
 k - an amulet of the acrobat (around neck)
 n - a +4 ring of slaying (left hand)
 o - a ring of protection from fire
 t - a ring of wizardry
 y - a ring of resist corrosion
Wands
 p - a wand of iceblast (31)
 w - a wand of acid (16)
 x - a wand of charming (10)
Scrolls
 z - a scroll of enchant weapon
 R - 3 scrolls of magic mapping {!r}
 T - 2 scrolls of teleportation
Potions
 h - a potion of cancellation {unknown}
 i - a potion of brilliance {unknown}
 j - a potion of experience {unknown}
 l - a potion of mutation {unknown}
 q - a potion of resistance {unknown}
 s - a potion of lignification {unknown}
 v - a potion of heal wounds
 B - a potion of attraction {!q}
 F - 9 potions of curing
 K - a potion of magic


   Skills:
 * Level 9.3 Fighting
 - Level 6.0 Armour
 + Level 6.6 Dodging
 - Level 1.5 Stealth
 - Level 4.0 Shields
 * Level 11.0 Spellcasting
 - Level 6.0 Invocations


You had 5 spell levels left.
You knew the following spells:

 Your Spells              Type           Power      Damage    Failure   Level
a - Sting                 Tmut/Pois      100%       1d8       1%          1
b - Ignite Poison         Fire/Tmut/Pois 53%        N/A       1%          3
c - Pain                  Necr           100%       1d9       1%          1
d - Call Imp              Summ           53%        N/A       1%          2
e - Call Canine Familiar  Summ           53%        N/A       1%          3
f - Mephitic Cloud        Conj/Pois/Air  53%        N/A       1%          3
g - Petrify               Tmut/Erth      53%        N/A       1%          4
h - Bolt of Magma         Conj/Fire/Erth 26%        4d12      4%          5
x - Poisonous Vapours     Pois/Air       100%       N/A       1%          2
y - Olgreb's Toxic Radia  Pois           53%        N/A       1%          4
Your spell library was empty.

Dungeon Overview and Level Annotations

Branches:
Dungeon (12/15)            Temple (1/1) D:6            Lair (0/6) D:8
    Orc (0/2) D:12

Altars:
Cheibriados
Elyvilon
Fedhas
Hepliaklqana
Kikubaaqudgha
Nemelex Xobeh
Qazlal
Uskayaw
Wu Jian
Yredelemnul
Beogh

Shops:
D:2 *   D:8 =


Innate Abilities, Weirdness & Mutations

You are immune to poison.
Your flesh is very heat resistant. (rF++)
You are vulnerable to cold. (rC-)
You float through the air rather than walking.
You learn spells naturally, not from books.
Your magical power is your life essence.
You have superior vitality. (+4 HP)


Message History

Unknown command.
Casting: Olgreb's Toxic Radiance (dangerous; 1% risk of failure)
Confirm with . or Enter, or press ? or * to list all spells.
You ignite the poison in your surroundings!
The meliai seems to burn from within!!
You kill the meliai!
Fedhas appreciates your contribution to the ecosystem.
The white ugly thing seems to burn from within!!
The white ugly thing is severely wounded.
The two-headed ogre seems to burn from within.
The two-headed ogre is moderately wounded.
The two-headed ogre is poisoned.
The white ugly thing is poisoned.
The meliai is poisoned.
Your toxic aura wanes.
The white ugly thing closely misses you.
Your Spellcasting skill increases to level 11!
A briar patch grows up from the ground. x7
A meliai comes into view.
It is wielding a +0 hand axe of electrocution.
You block the white ugly thing's attack.
The meliai mumbles some strange prayers to its god against you.
Something smites you!
* * * LOW HITPOINT WARNING * * *
You fly carefully through the plants.
The white ugly thing misses you.
Casting: Ignite Poison (safe; 1% risk of failure)
Confirm with . or Enter, or press ? or * to list all spells.
You ignite the poison in your surroundings!
The white ugly thing seems to burn from within!
The white ugly thing is almost dead.
The meliai seems to burn from within.
The meliai is severely wounded.
The two-headed ogre seems to burn from within!!
The two-headed ogre is severely wounded.
* * * LOW HITPOINT WARNING * * *
The two-headed ogre hits your briar patch but does no damage.
The two-headed ogre hits your briar patch with a +0 giant club.
The white ugly thing kicks you.
* * * LOW HITPOINT WARNING * * *
The white ugly thing freezes you!!
You die...
Fedhas appreciates your contribution to the ecosystem.

# ####### ## ......#
..# ......#
##########'## ......#
#...........# ......#
###...........# ......#
#.'....yPPO...#
......###.#....yPuP...#
..........#.....@PP..)#
......##############'##
#.##### ###....# ..#
#...#### .## ###.######
## #........# #
#........# #......^.#
#...(....#


You could see a white ugly thing (ally target), a two-headed ogre (ally target)
and 2 meliai.

Vanquished Creatures
  A hydra (D:11)
  A boulder beetle (D:12)
  A two-headed ogre (D:8)
  Urug (D:11)
  A cyclops (D:12)
  Joseph (D:8)
  Maggie (D:6)
  A komodo dragon (D:8)
  A meliai (D:12)
  2 trolls
  5 slime creatures (D:12)
  A wyvern (D:9)
  Eustachio (D:5)
  17 yaks
  3 wargs (D:10)
  An acid dragon (D:12)
  4 water moccasins
  13 orc warriors
  A black bear (D:8)
  2 necrophages (D:6)
  3 sky beasts
  2 ogres
  3 centaurs
  A kobold brigand (D:6)
  2 bullfrogs (D:8)
  2 scorpions (D:8)
  4 killer bees (D:10)
  6 electric eels
  3 jellies
  3 orc priests
  A bullfrog skeleton (D:6)
  6 hounds
  4 centaur zombies
  An iguana (D:6)
  8 orc wizards
  2 howler monkey zombies
  7 adders
  A shadow imp (D:8)
  An ufetubus (D:6)
  3 dart slugs
  45 orcs
  2 ball pythons
  3 bats
  5 endoplasms
  3 giant cockroaches
  7 hobgoblins
  10 jackals
  17 kobolds
  5 quokkas
  6 frilled lizards
  10 goblins
  10 rats
245 creatures vanquished.

Vanquished Creatures (collateral kills)
  A centaur zombie (D:9)
  A warg (D:10)
  An orc warrior (D:10)
  A jelly (D:5)
  A hound skeleton (D:5)
  An adder zombie (D:5)
  2 jackals (D:5)
  2 ballistomycete spores (D:9)
10 creatures vanquished.

Vanquished Creatures (others)
  A fungus (D:3)
  11 plants
12 creatures vanquished.

Grand Total: 267 creatures vanquished

Notes
Turn   | Place    | Note
-------+----------+-------------------------------------------
     0 | D:1      | wakim the Djinni Venom Mage began the quest for the Orb.
     0 | D:1      | Reached XP level 1. HP: 15/15 MP: 0/0
   129 | D:1      | Reached skill level 3 in Spellcasting
   129 | D:1      | Reached XP level 2. HP: 18/22 MP: 0/0
   601 | D:1      | Reached skill level 1 in Fighting
   891 | D:1      | Reached XP level 3. HP: 26/27 MP: 0/0
   891 | D:1      | Learned a level 1 spell: Pain
  1420 | D:2      | Found Siok's General Store.
  1634 | D:2      | Reached XP level 4. HP: 33/33 MP: 0/0
  2448 | D:3      | Reached skill level 4 in Spellcasting
  2473 | D:3      | Reached skill level 1 in Shields
  2475 | D:3      | Reached XP level 5. HP: 23/38 MP: 0/0
  2475 | D:3      | Learned a level 2 spell: Call Imp
  2901 | D:3      | Found a blossoming altar of Fedhas.
  2904 | D:3      | Found a stormy altar of Qazlal.
  3718 | D:3      | Became a worshipper of Fedhas Madash
  3804 | D:4      | Noticed a phantom
  4621 | D:4      | Found a snail-covered altar of Cheibriados.
  4641 | D:4      | Found a sparkling altar of Nemelex Xobeh.
  4878 | D:5      | Entered Level 5 of the Dungeon
  4942 | D:5      | Reached * piety under Fedhas
  4989 | D:5      | Reached XP level 6. HP: 23/45 MP: 0/0
  5708 | D:5      | Reached skill level 5 in Spellcasting
  5708 | D:5      | Reached XP level 7. HP: 43/50 MP: 0/0
  5708 | D:5      | Learned a level 3 spell: Call Canine Familiar
  5974 | D:5      | Noticed Eustachio
  6152 | D:5      | Killed Eustachio
  6533 | D:6      | Reached XP level 8. HP: 51/58 MP: 0/0
  6615 | D:6      | Reached skill level 6 in Spellcasting
  6940 | D:6      | Found a staircase to the Ecumenical Temple.
  6946 | Temple   | Entered the Ecumenical Temple
  6986 | D:6      | Noticed Maggie
  6992 | D:6      | Killed Maggie
  7304 | D:6      | Reached ** piety under Fedhas
  7524 | D:6      | Identified the +9 spear "Acuolaut" {protect, Str+4 Dex+2}
  7570 | D:6      | Reached skill level 1 in Armour
  7626 | D:6      | Reached skill level 5 in Fighting
  7626 | D:6      | Reached skill level 7 in Spellcasting
  7626 | D:6      | Reached XP level 9. HP: 53/65 MP: 0/0
  7626 | D:6      | Learned a level 4 spell: Petrify
  7925 | D:6      | Found an ornate altar of the Wu Jian Council.
  8653 | D:7      | Reached skill level 5 in Dodging
  9209 | D:7      | Found a hide-covered altar of Uskayaw.
  9260 | D:8      | Reached skill level 8 in Spellcasting
  9675 | D:8      | Noticed Joseph
  9678 | D:8      | Noticed a two-headed ogre
  9680 | D:8      | Killed Joseph
  9681 | D:8      | Reached XP level 10. HP: 45/73 MP: 0/0
  9681 | D:8      | Killed a two-headed ogre
  9913 | D:8      | Found Ziynas's Jewellery Shoppe.
  9983 | D:8      | Reached skill level 9 in Spellcasting
  9992 | D:8      | Reached *** piety under Fedhas
 10128 | D:8      | Found a staircase to the Lair.
 10134 | D:8      | Reached skill level 5 in Armour
 10681 | D:8      | Found a basalt altar of Yredelemnul.
 11001 | D:8      | Found a white marble altar of Elyvilon.
 11132 | D:8      | Found a hazy altar of Hepliaklqana.
 11267 | D:9      | Reached skill level 1 in Invocations
 11811 | D:9      | Reached XP level 11. HP: 53/79 MP: 0/0
 11811 | D:9      | Learned a level 5 spell: Bolt of Magma
 12289 | D:9      | Reached skill level 10 in Spellcasting
 12650 | D:10     | Entered Level 10 of the Dungeon
 13183 | D:10     | Reached **** piety under Fedhas
 13882 | D:11     | Noticed a five-headed hydra
 14388 | D:11     | Noticed Urug
 14397 | D:11     | Killed Urug
 14682 | D:11     | Killed a five-headed hydra
 15096 | D:12     | Reached skill level 5 in Invocations
 15173 | D:12     | Found a staircase to the Orcish Mines.
 15568 | D:12     | Noticed a boulder beetle
 15573 | D:12     | Killed a boulder beetle
 15645 | D:12     | Reached XP level 12. HP: 37/89 MP: 0/0
 16261 | D:12     | Noticed a two-headed ogre
 16264 | D:12     | Reached skill level 11 in Spellcasting
 16266 | D:12     | Slain by a white ugly thing

Illustrated notes

Levels and vault maps discovered:
D:1:      nzn_arrival_depleted_hourglass, layout_rooms, corexii_corridor_pit,
          minmay_tetromino_l4
D:2:      layout_basic, serial_shops, shop
D:3:      layout_basic, grunt_temple_overflow_forces_of_nature,
          minmay_starry_boxes
D:4:      layout_rooms, nicolae_overflow_crystal_walls, lemuel_round_altar
D:5:      layout_layer_cave, uniq_eustachio
D:6:      layout_basic, marbit_many_paths, temple_fountains, minmay_circle_x,
          uniq_maggie
D:7:      layout_basic, kennysheep_little_box, overflow_temple_1_default
D:8:      layout_basic, kennysheep_ying_yang, kennysheep_mini_moat,
          grunt_lair_entry_orc_guard_hut, serial_bayou, serial_bayou_crossing,
          serial_bayou_lagoon_a, serial_bayou_pond_e, serial_bayou_lake_a,
          serial_shops, shop, uniq_joseph
D:9:      layout_basic
D:10:     layout_cave_pools, nooodl_orcs_dogs
D:11:     layout_irregular_city, minivault_24, uniq_urug
D:12:     layout_roguey, david_orc_5, gammafunk_ghost_necromancy,
          guppyfry_shop_earth
Temple:   minmay_temple_bridge_abc

Skill      XL: |  1  2  3  4  5  6  7  8  9 10 11 12 |
---------------+-------------------------------------+-----
Spellcasting   | 3 4 5 7 8 9 10 11 | 11.0
Fighting       | 1 2 3 4 5 6 7 9 |  9.3
Shields        | 1 2 3 4 |  4.0
Dodging        | 4 6 |  6.6
Armour         | 1 3 6 |  6.0
Invocations    | 2 5 6 |  6.0
Stealth        | |  1.5

Action                   |  1- 3 |  4- 6 |  7- 9 | 10-12 || total
-------------------------+-------+-------+-------+-------++-------
Melee: Dagger            |     1 |    21 |     8 |       ||    30
       Spear             |       |       |    25 |    25 ||    50
 Cast: Sting             |    38 |       |    16 |     6 ||    60
       Poisonous Vapours |     9 |    57 |    22 |    37 ||   125
       Pain              |     2 |    15 |     5 |       ||    22
       Call Imp          |       |     8 |     6 |    10 ||    24
       Ignite Poison     |       |     6 |    23 |    37 ||    66
       Olgreb's Toxic Ra |       |     2 |    11 |    26 ||    39
       Call Canine Famil |       |       |     1 |       ||     1
       Bolt of Magma     |       |       |       |    26 ||    26
Invok: Wall of Briars    |       |       |     1 |     3 ||     4
       Grow Ballistomyce |       |       |       |     1 ||     1
  Use: Scroll            |     3 |     3 |     3 |     5 ||    14
 Stab: Sleeping          |       |     2 |     1 |       ||     3
Armor: Robe              |     4 |     9 |     2 |       ||    15
       Acid dragon scale |       |       |    12 |       ||    12
       Ring mail         |       |       |       |    26 ||    26
Dodge: Dodged            |    11 |    35 |    19 |    51 ||   116
Block: Buckler           |       |     5 |    12 |    17 ||    34

Table legend: (Time is in decaauts)
 A = Elapsed time spent in this place.
 B = Non-inter-level travel time spent in this place.
 C = Inter-level travel time spent in this place.
 D = Time resting spent in this place.
 E = Time spent auto-exploring this place.
 F = Levels seen in this place.
 G = Mean time per level.
                   A        B        C        D        E       F      G
               +--------+--------+--------+--------+--------+-----+--------+
         Total |  16286 |  15770 |    516 |     24 |  13964 |  13 | 1252.8 |
       Dungeon |  16284 |  15768 |    516 |     24 |  13964 |  12 | 1357.0 |
        Temple |      1 |      1 |      0 |      0 |      0 |   1 |    1.0 |
               +--------+--------+--------+--------+--------+-----+--------+

Top non-repeatable levels by time:
     D:3: 2151 daAuts
     D:8: 1927 daAuts
     D:6: 1873 daAuts
     D:9: 1717 daAuts
     D:5: 1433 daAuts
    D:12: 1280 daAuts
     D:1: 1250 daAuts
    D:10: 1083 daAuts
    D:11: 1041 daAuts
     D:7: 1026 daAuts
     D:2: 958 daAuts
     D:4: 540 daAuts
  Temple: 1 daAuts
